AoeStats
← juan.baldez

MegaRandom

509522331Analyzed
4v4 RM · 5d ago on Sep 27, 2026· 51m 16s· 8 players
Game mode
Random Map
Map size
Large (8 player)
Population
200
Speed
Normal
Resources
Standard
Victory
Conquest
Starting age
Dark Age
Ending age
Imperial Age
RankedLock teamsTeams togetherTeam positionsShared explorationLock speedFull tech treeHidden civsTurbo modeCheats
Victory
Defeat
🇨🇱 Magyars · Chile
1265
+10
🇨🇱 Ethiopians · Chile
1125
+16
🇨🇱 Armenians · Chile
1092
+17
🇨🇱 Mongols · Chile
1039
+19
🇲🇽 Huns · Mexico
1154
-17
🇨🇱 Turks · Chile
1140
-16
🇧🇷 Mongols · Brazil
1116
-38
🇲🇽 Saxons · Mexico
1088
-14
axlcaduaem
0:32 Loom
10:47 Feudal Age
14:59 Double-Bit Axe
17:28 Castle Age
15:26 Horse Collar
18:29 Bow Saw
25:33 Forging
26:25 Bloodlines
27:16 Stone Mining
28:21 Gold Mining
29:34 Wheelbarrow
28:45 Pikeman
29:25 Squires
29:51 Town Watch
30:51 Gold Shaft Mining
30:23 Heavy Plow
34:58 Imperial Age
35:48 Marauders
36:08 Conscription
35:10 Elite Tarkan
37:31 Iron Casting
37:02 Scale Barding Armor
37:06 Town Patrol
37:22 Hand Cart
39:36 Chain Barding Armor
39:31 Husbandry
41:12 Plate Barding Armor
42:48 Blast Furnace
NikoNikoNiiUwUQueen
10:41 Feudal Age
11:29 Double-Bit Axe
11:40 Horse Collar
13:57 Loom
14:49 Wheelbarrow
17:55 Castle Age
16:42 Scale Mail Armor
17:46 Forging
18:51 Chain Mail Armor
18:55 Hand Cart
19:09 Squires
19:39 Gambesons
23:43 Gold Mining
24:28 Arson
29:24 Iron Casting
30:34 Bow Saw
30:28 Heavy Plow
33:09 Pikeman
35:41 Caravan
38:32 Treadmill Crane
39:03 Fortified Wall
39:13 Ballistics
41:42 Imperial Age
41:48 Elite Varangian Guard
42:03 Shield Wall
43:04 Conscription
42:07 Clerical Recruitment
43:27 Plate Mail Armor
43:03 Scale Barding Armor
46:15 Man-at-Arms
juan.baldez
10:41 Feudal Age
13:21 Loom
16:11 Castle Age
16:22 Double-Bit Axe
16:21 Horse Collar
20:09 Bloodlines
20:08 Scale Barding Armor
22:41 Husbandry
26:25 Wheelbarrow
26:41 Town Watch
27:19 Bow Saw
27:37 Gold Mining
27:38 Stone Mining
27:52 Heavy Plow
29:36 Town Patrol
33:31 Imperial Age
33:39 Imperial Age
33:17 Hand Cart
34:16 Forging
34:26 Chain Barding Armor
34:11 Heavy Camel Rider
36:06 Iron Casting
38:20 Conscription
37:50 Elite Mangudai
41:08 Chemistry
40:29 Ballistics
45:03 Light Cavalry
Whast | Ku The Last
10:21 Feudal Age
10:36 Loom
15:44 Castle Age
36:28 Imperial Age
34:15 Horse Collar
34:32 Double-Bit Axe
35:02 Husbandry
35:22 Scale Barding Armor
35:31 Forging
35:47 Bloodlines
37:12 Chain Barding Armor
37:03 Heavy Camel Rider
38:30 Plate Barding Armor
38:39 Iron Casting
39:50 Conscription
41:53 Blast Furnace
44:28 Heavy Plow
45:06 Wheelbarrow
44:16 Town Watch
49:45 Hand Cart
49:31 Town Patrol
venusnocturna
11:12 Feudal Age
9:31 Loom
11:38 Double-Bit Axe
17:28 Castle Age
17:37 Wheelbarrow
21:13 Fervor
22:31 Sanctity
27:54 Hand Cart
27:24 Pikeman
28:43 Horse Collar
30:07 Forging
29:57 Scale Mail Armor
32:41 Heavy Plow
33:15 Bow Saw
38:37 Imperial Age
36:58 Iron Casting
36:23 Scale Mail Armor
38:14 Fortified Wall
37:46 Treadmill Crane
38:16 Masonry
39:29 Fereters
39:45 Conscription
39:52 Capped Ram
41:12 Hoardings
41:46 Blast Furnace
41:01 Chain Mail Armor
41:51 Chemistry
41:12 Ballistics
40:56 Squires
40:41 Gambesons
40:42 Arson
40:58 Siege Ram
41:07 Elite Composite Bowman
42:11 Man-at-Arms
43:17 Long Swordsman
44:35 Two-Handed Swordsman
44:55 Halberdier
45:40 Champion
51:11 Plate Mail Armor
50:42 Padded Archer Armor
50:32 Fletching
Buda-Cox
0:32 Loom
12:12 Feudal Age
15:01 Wheelbarrow
14:26 Double-Bit Axe
15:02 Gold Mining
17:33 Castle Age
16:30 Forging
16:42 Gold Mining
16:55 Stone Mining
17:10 Horse Collar
28:20 Scale Mail Armor
29:54 Fletching
31:51 Iron Casting
32:52 Chain Mail Armor
34:14 Hand Cart
33:35 Crossbowman
34:29 Bodkin Arrow
38:10 Imperial Age
36:45 Ballistics
36:39 Padded Archer Armor
38:01 Thumb Ring
38:15 Arbalester
41:30 Bracer
41:46 Leather Archer Armor
43:39 Chemistry
42:36 Murder Holes
49:51 Ring Archer Armor
50:22 Blast Furnace
49:53 Plate Mail Armor
50:13 Elite Shotel Warrior
51:14 Conscription
FermiGame
8:13 Loom
10:40 Feudal Age
15:27 Loom
17:50 Castle Age
17:01 Wheelbarrow
16:16 Double-Bit Axe
16:34 Horse Collar
16:47 Gold Mining
18:44 Town Watch
20:01 Bow Saw
20:01 Heavy Plow
20:53 Gold Shaft Mining
21:55 Stone Mining
23:49 Hand Cart
26:24 Fletching
26:40 Scale Barding Armor
30:55 Ballistics
33:16 Chain Barding Armor
33:37 Padded Archer Armor
34:20 Bodkin Arrow
35:37 Stone Shaft Mining
36:25 Murder Holes
37:30 Leather Archer Armor
42:29 Imperial Age
43:13 Bracer
45:26 Chemistry
45:23 Elite Mangudai
46:25 Conscription
AiM | yunito000
11:39 Feudal Age
15:22 Castle Age
13:33 Horse Collar
14:06 Loom
14:53 Double-Bit Axe
17:20 Bow Saw
17:42 Scale Barding Armor
20:20 Heavy Plow
24:40 Wheelbarrow
25:25 Chain Barding Armor
26:56 Town Watch
32:10 Bloodlines
32:00 Husbandry
34:10 Hand Cart
34:27 Gold Mining
34:27 Stone Mining
39:47 Imperial Age
40:32 Corvinian Army
39:53 Elite Magyar Huszar
40:54 Conscription
41:44 Two-Man Saw
41:24 Plate Barding Armor
42:06 Hoardings
43:47 Crop Rotation
47:31 Gold Shaft Mining
48:19 Light Cavalry
Connection lost

Rejoining the realm…

Still unreachable

The connection could not be restored.

Session expired

The server has moved on; the page needs a fresh start.